[Event "*** SCC Grand Prix: Titled Tuesday Blitz"]
[Site "Chess.com"]
[Date "2020.06.02"]
[Round "8"]
[White "Vesper2018"]
[Black "DanielDardha2005"]
[Result "1/2-1/2"]
[WhiteElo "2390"]
[BlackElo "2668"]
[TimeControl "180+1"]
[EndTime "11:37:48 PDT"]
[Termination "Game drawn by repetition"]

1. e4 c5 2. Nc3 a6 3. g3 b5 4. Bg2 Bb7 5. Nge2 g6 6. d4 cxd4 7. Nxd4 Bg7 8. O-O d6 9. a4 bxa4 10. Nxa4 Nd7 11. Re1 Qc7 12. Nc3 Ngf6 13. Nd5 Qd8 14.
c4 O-O 15. Nxf6+ Bxf6 16. e5 dxe5 17. Bxb7 exd4 18. Bxa8 Qxa8 19. f4 Rc8 20. Qe2 Nc5 21. Ra3 Rb8 22. h4 d3 23. Qe3 Rd8 24. Kh2 Bd4 25.
Qd2 Qf3 26. Qg2 Qxg2+ 27. Kxg2 d2 28. Bxd2 Bxb2 29. Bc1 Bxa3 30. Bxa3 Rd2+ 31. Kh3 Nd3 32. Rxe7 h5 33. c5 Ra2 34. c6 Rxa3 35. c7 Rc3 36. Re8+ Kg7 37. c8=Q Nxf4+ 38. Kh2 Rxc8 39. Rxc8 Ne6 40.
Ra8 Nc5 41. Kg2 Kf6 42. Rc8 Ne6 43. Rc6 a5 44. Ra6 Kf5 45. Rxa5+ Kf6 46. Kf3 Nd4+ 47. Ke4 Ne6 48. Ra6 Kg7 49. Rb6 Nc5+ 50. Ke5 Ne6 51. Ke4 Nc5+ 52. Kf3 Ne6 53. Rd6 Nc5 54. Rc6 Ne6 55.
Rb6 Nc5 56. g4 hxg4+ 57. Kxg4 Nd7 58. Rb7 Nf6+ 59. Kf4 Nh5+ 60. Kg4 Nf6+ 61. Kf4 Nh5+ 62. Kg4 Nf6+ 1/2-1/2

[Event "*** SCC Grand Prix: Titled Tuesday Blitz"]
[Site "Chess.com"]
[Date "2020.06.02"]
[Round "8"]
[White "AshotParvanyan"]
[Black "Olga_Zhuravleva"]
[Result "1-0"]
[WhiteElo "2427"]
[BlackElo "2258"]
[TimeControl "180+1"]
[EndTime "11:37:50 PDT"]
[Termination "AshotParvanyan won by checkmate"]

1. Nf3 Nf6 2. b3 g6 3. Bb2 Bg7 4. d4 O-O 5. e3 d6 6. Be2 Re8 7. O-O c6 8. c4 Nbd7 9. Nc3 e5 10. Qc2 Nf8 11. dxe5 dxe5 12. Rfd1 Qc7 13. Ba3 e4 14.
Bd6 Qa5 15. b4 Qh5 16. Nd4 Bg4 17. Bxg4 Qxg4 18. h3 Qh5 19. Nde2 Ne6 20. Ng3 Qh4 21. Rac1 Ng5 22. Bf4 h6 23. Nf1 Ne6 24. Bg3 Qh5 25.
Nd2 Ng5 26. Nf1 Re7 27. Nd2 Rae8 28. h4 Ngh7 29. c5 g5 30. hxg5 Nxg5 31. Nc4 Qg4 32.
Qe2 Qc8 33. Nd6 Qe6 34. Nxe8 Rxe8 35. Bf4 Qf5 36. b5 h5 37. bxc6 bxc6 38. Rd6 h4 39.
Rxc6 h3 40. g3 Nf3+ 41. Kh1 Ng4 42. Nd1 Qh5 43. Rd6 h2 44. c6 Qh3 45. Nc3 Kh7 46. Qf1 Qh5 47. Qg2 Rh8 48. Nxe4 Kg8 49. Qxf3 Qh3 50. Rd8+ Bf8 51. Nf6+ Nxf6 52. Be5 Kg7 53.
Rxf8 Qe6 54. Qxf6+ Qxf6 55. Bxf6+ Kxf6 56. Rxh8 Kf5 57. Rxh2 Ke4 58. c7 Kf3 59. c8=Q Ke2 60. Qa8 a5 61. Qa7 a4 62. Qxf7 a3 63. Qc4+ Kf3 64. Qa4 Ke2 65. Qxa3 Kf3 66. Qd6 Ke2 67. f4+ Kf3 68. e4 Ke3 69. Rc3+ Kxe4 70. Re2+ Kf5 71. Qe6# 1-0

[Event "*** SCC Grand Prix: Titled Tuesday Blitz"]
[Site "Chess.com"]
[Date "2020.06.02"]
[Round "8"]
[White "MomchilPetkov"]
[Black "Semen_Khanin"]
[Result "0-1"]
[WhiteElo "2538"]
[BlackElo "2712"]
[TimeControl "180+1"]
[EndTime "11:37:51 PDT"]
[Termination "Semen_Khanin won by resignation"]

1. e4 c5 2. Nf3 e6 3. d4 cxd4 4. Nxd4 Nc6 5. Nb5 d6 6. c4 Nf6 7. N1c3 a6 8. Na3 Be7 9. Be2 b6 10. O-O Bb7 11. Be3 Ne5 12. f3 O-O 13. Rc1 Qc7 14. Qd2 Rac8 15. Rfd1 Rfe8 16. Bf1 Ng6 17. Qf2 Nd7 18. Nc2 Qb8 19. Nd4 h5 20. g3 h4 21.
b3 hxg3 22. hxg3 d5 23. exd5 exd5 24. Nf5 Ba3 25. Rc2 dxc4 26. Rxd7 cxb3 27. axb3 Ne5 28.
Rxb7 Qxb7 29. Bg2 Nd3 30. Qd2 Rcd8 31. Bd4 Rxd4 32. Nxd4 Ne1 33. Ra2 Bc5 34. Ne2 Nxf3+ 35. Bxf3 Qxf3 36. b4 Rxe2 37. Qxe2 Bxd4+ 38. Kh2 Qf5 39. Rd2 Bf6 40. Rd3 g6 41. Kg2 Kg7 42. Rf3 Qg5 43.
Qxa6 Qd2+ 44. Rf2 Qxb4 45. Qd3 b5 46. Qf3 Qd6 47. Re2 b4 48. g4 Bc3 49. Rf2 Qe6 50. g5 Qc4 51. Qg3 b3 52. Qb8 b2 53. Rxb2 Bxb2 54. Qxb2+ Kg8 55. Qf6 Qe6 56. Kg3 Qxf6 57.
gxf6 Kh7 58. Kg4 Kh6 59. Kf4 g5+ 60. Kg4 Kg6 61. Kg3 Kxf6 62. Kf3 Kg6 63. Kg3 f5 0-1

[Event "*** SCC Grand Prix: Titled Tuesday Blitz"]
[Site "Chess.com"]
[Date "2020.06.02"]
[Round "8"]
[White "fabianvivasz"]
[Black "chesslh19"]
[Result "1-0"]
[WhiteElo "2281"]
[BlackElo "2169"]
[TimeControl "180+1"]
[EndTime "11:37:51 PDT"]
[Termination "fabianvivasz won by resignation"]

1. e4 c5 2. Nf3 d6 3. d4 cxd4 4. Nxd4 Nf6 5. Nc3 a6 6. h3 e6 7. g4 h6 8. Be3 Nc6 9. Bg2 Bd7 10. f4 Nxd4 11. Qxd4 Bc6 12. O-O-O Qc7 13. Rhe1 Be7 14. Qd2 O-O 15. Qf2 b5 16. e5 dxe5 17. fxe5 Nd7 18.
Bf4 Nb6 19. h4 Bxg2 20. Qxg2 b4 21. Ne4 Nd5 22. Bg3 Rac8 23. g5 h5 24. Nf6+ Kh8 25.
Rxd5 exd5 26. Nxd5 Qb7 27. Qf3 g6 28. Rf1 Rcd8 29.
Nxe7 Qxe7 30. Bf2 Qe6 31. Be1 Kg8 32. Bxb4 Rfe8 33. Bc3 Rd7 34. b3 Qd5 35. Kb2 Qxf3 36.
Rxf3 Rb7 37. Rf4 Rd7 38. Rc4 Rb7 39. Rc6 a5 40. a4 Ra7 41. Rc5 Ra6 42. Bxa5 Rea8 43.
Bc3 Rb8 44. a5 Rb7 45. b4 f6 46. Rc8+ Kf7 47. gxf6 Ke6 48. Rc5 Kf7 49. Kb3 Ke6 50. Ka4 Kd7 51. b5 Re6 52. a6 Rb8 53. Rd5+ Ke8 54.
Ba5 Rc8 55. a7 Re7 56. b6 Rb7 57. Kb5 Rxc2 58. Ka6 Rxa7+ 59. bxa7 Rc8 60. Bb6 1-0

[Event "*** SCC Grand Prix: Titled Tuesday Blitz"]
[Site "Chess.com"]
[Date "2020.06.02"]
[Round "8"]
[White "FabianoCaruana"]
[Black "BocharovD"]
[Result "0-1"]
[WhiteElo "2994"]
[BlackElo "2805"]
[TimeControl "180+1"]
[EndTime "11:37:54 PDT"]
[Termination "BocharovD won by resignation"]

1. e4 c5 2. Nf3 d6 3. d4 cxd4 4. Nxd4 Nf6 5. Nc3 a6 6. Qd3 Nbd7 7. a4 b6 8. Qg3 Bb7 9. Bd3 g6 10. O-O Bg7 11. Be3 O-O 12. Rad1 Nc5 13. f3 Qe8 14. Ra1 Rc8 15. Qf2 e5 16. Nb3 Nxd3 17. cxd3 Qe6 18. Nd2 d5 19. Bg5 d4 20. Ncb1 h6 21. Bxf6 Bxf6 22. Na3 Bg5 23. Qe2 Rc5 24. Kh1 Rfc8 25. Ndc4 b5 26. axb5 axb5 27. Na5 Ba8 28. Qe1 Qb6 29.
Qb4 Be7 30. Nb3 R5c7 31. Qe1 Qe6 32. Na5 Bc6 33. Nxc6 Qxc6 34. f4 exf4 35. Rxf4 Qd7 36. Rf1 Bxa3 37. Rxa3 Rc2 38. Rb3 Qg4 39. Rg1 Qg5 40.
Qg3 Qxg3 41. hxg3 R8c5 42. Rf1 Rd2 43. g4 Rcc2 44. Rg1 Rxb2 45. Rxb2 Rxb2 46. Rc1 Rb3 47.
Rc5 Rxd3 48. Rxb5 Re3 49. e5 Re4 50. g3 Rxg4 51. Kg2 Re4 52. Rd5 Kf8 53. Kf3 Re1 54.
Kf4 Rd1 55. Rd7 Ke8 56. Rd6 Ke7 57. Rd5 d3 58. Kf3 d2 59. Kg2 Ke6 60. Rd8 Kxe5 0-1

[Event "*** SCC Grand Prix: Titled Tuesday Blitz"]
[Site "Chess.com"]
[Date "2020.06.02"]
[Round "8"]
[White "MightyGMpretender"]
[Black "Makswolf200817"]
[Result "0-1"]
[WhiteElo "2561"]
[BlackElo "2403"]
[TimeControl "180+1"]
[EndTime "11:37:54 PDT"]
[Termination "Makswolf200817 won by resignation"]

1. Nf3 d5 2. d4 Bf5 3. c4 e6 4.
Nc3 Nf6 5. Qb3 Nc6 6. a3 dxc4 7. Qxc4 Be7 8. g3 O-O 9. Bg2 Na5 10. Qa4 c5 11.
O-O Nc6 12. dxc5 Bxc5 13. Rd1 Qe7 14. Bg5 h6 15. Bxf6 Qxf6 16. Rd7 Rab8 17. Rad1 e5 18. R7d2 Rfd8 19. Nd5 Qe6 20. Nh4 Bh7 21. e3 e4 22. Bf1 g5 23. Ng2 Ne5 24. Ne1 Kg7 25. b4 Bf8 26. Qb3 Bf5 27. Qb2 Kg8 28. Nc7 Rxd2 29.
Rxd2 Qe7 30. Nd5 Qe6 31. Nc7 Qe7 32. Nd5 Qe6 33. Qd4 Nc6 34. Qb2 Bg7 35. Qb1 Rd8 36.
Qd1 Kh7 37. Bc4 Qe5 38. Be2 a6 39. b5 axb5 40. Bxb5 Qe6 41. Be2 Ne5 42. a4 Kg6 43.
Nc7 Rxd2 44. Qxd2 Qc6 45. Nb5 Bf6 46. Nd4 Qxa4 47. Nxf5 Kxf5 48. Bd1 Qd7 49. Qxd7+ Nxd7 50. Bc2 Nc5 51. f3 Ke5 52. f4+ gxf4 53. exf4+ Kf5 54. Kf2 Bd4+ 55. Ke2 b5 56. Ng2 b4 57. Nh4+ Kg4 58. Ng2 Kh3 59. f5 Kxg2 60. g4 Kxh2 61. Ba4 b3 0-1

[Event "*** SCC Grand Prix: Titled Tuesday Blitz"]
[Site "Chess.com"]
[Date "2020.06.02"]
[Round "8"]
[White "Machidon"]
[Black "Tenamu"]
[Result "1-0"]
[WhiteElo "2506"]
[BlackElo "2342"]
[TimeControl "180+1"]
[EndTime "11:37:54 PDT"]
[Termination "Machidon won by resignation"]

1. d4 Nf6 2. Nf3 e6 3. c4 c5 4. d5 exd5 5. cxd5 d6 6. Nc3 g6 7. e4 Bg7 8. Be2 O-O 9. h3 a6 10. a4 Re8 11. Qc2 Nbd7 12. O-O Qc7 13. Bf4 Rb8 14.
Bh2 c4 15. a5 b5 16. axb6 Rxb6 17. Nd2 Rb4 18. Ra4 a5 19. Nxc4 Rxa4 20. Qxa4 Nxe4 21.
Nb5 Qc5 22. Bf3 Ba6 23. Nbxd6 Nxd6 24. Nxd6 Bxf1 25. Nxe8 Qc1 26. Qd1 Qxd1 27. Bxd1 Bc4 28. Nxg7 Kxg7 29. d6 Kf6 30. Bg4 Bb5 31. h4 h5 32. Bh3 a4 33. f3 Nc5 34. Bf4 Ne6 35. g3 Kg7 36. Kf2 Kf8 37. Ke3 Ke8 38. Be5 Kd7 39.
g4 Kc6 40. gxh5 gxh5 41. Bf5 Kd5 42. f4 Bd7 43. Be4+ Kc4 44. Bf3 Kb3 45. Bxh5 Kb4 46. Bxf7 Kb3 47. h5 Kb4 48. h6 Nf8 49. Ke4 Bc6+ 50.
Bd5 Bd7 51. f5 Nh7 52. Kf4 Kc5 53. Be6 Be8 54. d7 Bxd7 55. Bxd7 Kd5 56. Bxa4 Kc4 57. Be8 Kd3 58. Bg6 1-0

[Event "*** SCC Grand Prix: Titled Tuesday Blitz"]
[Site "Chess.com"]
[Date "2020.06.02"]
[Round "8"]
[White "annamaja"]
[Black "ditkin25"]
[Result "0-1"]
[WhiteElo "2185"]
[BlackElo "2413"]
[TimeControl "180+1"]
[EndTime "11:37:55 PDT"]
[Termination "ditkin25 won on time"]

1. e4 c6 2. d4 d5 3. e5 Bf5 4. Nf3 e6 5. Be2 c5 6. O-O Nc6 7. c4 dxc4 8. dxc5 Bxc5 9. Bxc4 Nge7 10. Nc3 a6 11. a3 O-O 12. Bg5 Qc7 13. b4 Ba7 14.
Qd6 Rac8 15. Ne2 Rfd8 16. Qxc7 Rxc7 17. Rac1 Bd3 18. Bxd3 Rxd3 19. Rfd1 Rcd7 20. Rxd3 Rxd3 21. a4 h6 22. Bxe7 Nxe7 23. Nf4 Rb3 24. g3 Rxb4 25. Rc7 Nc6 26. Rc8+ Kh7 27. Rf8 Rb2 28. Nd3 Rb3 29.
Nfe1 Kg6 30. Nf4+ Kf5 31. Rxf7+ Kxe5 32. Rxg7 Nd4 33. Nfd3+ Kd6 34. Rg6 Rb1 35. Kg2 Nf5 36. Nf3 Ra1 37. Nf4 Ra2 38. Rxe6+ Kd7 39. Re2 Rxa4 40.
Ne5+ Kc8 41. Rc2+ Kd8 42. Nd5 Nd4 43. Rd2 b5 44. Nf3 Nxf3 45. Kxf3 Rd4 46. Rxd4 Bxd4 47. Ke4 Bxf2 48. Nb4 a5 49. Nc6+ Kc7 50. Nxa5 Kb6 51. Nb3 b4 52. g4 Kb5 53. Kf5 Kc4 54. Nd2+ Kd3 55. Nb3 Kc3 56. Nc1 Kc2 57. Na2 b3 58. Nb4+ Kc3 59. Nd5+ Kc4 60. Nb6+ Bxb6 61. Kg6 Be3 62. h4 b2 63. g5 b1=Q+ 64. Kxh6 Qf5 0-1

[Event "*** SCC Grand Prix: Titled Tuesday Blitz"]
[Site "Chess.com"]
[Date "2020.06.02"]
[Round "8"]
[White "joksijoksi"]
[Black "Siniauski"]
[Result "0-1"]
[WhiteElo "2338"]
[BlackElo "2496"]
[TimeControl "180+1"]
[EndTime "11:37:57 PDT"]
[Termination "Siniauski won on time"]

1. d4 Nf6 2. c4 e6 3. Nc3 Bb4 4. f3 d5 5. a3 Bxc3+ 6. bxc3 O-O 7. cxd5 exd5 8. e3 Bf5 9. h4 Qd6 10. Kf2 Nbd7 11. Bd3 Bxd3 12. Qxd3 c5 13. g4 Rac8 14. Bd2 Qc7 15. g5 Nh5 16. Ne2 f6 17. f4 cxd4 18. cxd4 Qc2 19. Qxc2 Rxc2 20. Bb4 Re8 21. Rac1 Ra2 22.
Kf3 Rxe2 23. Kxe2 Ng3+ 24. Kd3 Nxh1 25. Rxh1 Rc8 26. Rb1 Kf7 27. Bc5 b6 28. Bb4 Kg6 29. e4 dxe4+ 30. Kxe4 Re8+ 31. Kd5 Kf5 32. Kd6 Nb8 33.
d5 Na6 34. Kd7 Re4 35. d6 Rd4 36. Re1 Kxf4 37. gxf6 gxf6 38. Re7 f5 39. Ke6 Nb8 40. Rxh7 Nc6 41. Rc7 Nd8+ 42. Ke7 a5 43. Kxd8 axb4 44. d7 bxa3 45. Rc3 a2 46. Ra3 Rd2 47. Kc7 Rc2+ 48. Kb7 Rd2 49. Kc7 Rc2+ 50. Kb7 Rd2 51. Kxb6 Rxd7 52.
Rxa2 Kg4 53. Ra4+ f4 54. Kc6 Rd1 55. h5 Rh1 56. Kd5 Rxh5+ 57. Ke4 Rh3 58. Ra8 Re3+ 59. Kd4 Re7 60. Rg8+ Kf3 61. Kd3 Rd7+ 62. Kc2 Ke3 0-1

[Event "*** SCC Grand Prix: Titled Tuesday Blitz"]
[Site "Chess.com"]
[Date "2020.06.02"]
[Round "8"]
[White "grzechu96"]
[Black "youngKID"]
[Result "1-0"]
[WhiteElo "2646"]
[BlackElo "2756"]
[TimeControl "180+1"]
[EndTime "11:37:59 PDT"]
[Termination "grzechu96 won on time"]

1. e4 c5 2. Nf3 Nc6 3. Bb5 g6 4. Bxc6 dxc6 5. d3 Bg7 6. h3 Nf6 7. Nc3 b6 8. Be3 O-O 9. O-O Re8 10. Qd2 e5 11. Nh2 a5 12. a4 Be6 13. f4 exf4 14. Bxf4 Qd4+ 15. Be3 Qb4 16. Rab1 Nd7 17. Nf3 Ne5 18.
Kh1 Rad8 19. Nxe5 Bxe5 20. Bf4 Bh8 21. Bg5 Rd7 22. Bf6 Bxf6 23. Rxf6 Red8 24. Qf4 c4 25. dxc4 Qxc4 26. Rf1 b5 27. axb5 cxb5 28. Nd5 Bxd5 29. exd5 Qxd5 30. c3 Re8 31. Qf2 a4 32. Rf4 Re4 33.
Rxe4 Qxe4 34. Re1 Qa8 35. Qe3 Qd8 36. Qe8+ Kg7 37. Qxd8 Rxd8 38. Re5 Rb8 39. Kg1 Kf6 40. Rc5 Ke6 41. Rc6+ Kd7 42. Ra6 Rb7 43. Kf2 Kc7 44.
Ke3 Rb8 45. Ra7+ Rb7 46. Ra6 h5 47. g4 hxg4 48. hxg4 Rb6 49. Ra7+ Rb7 50. Ra6 Kb8 51. g5 Re7+ 52. Kd3 Kb7 53. Rf6 Kc7 54. c4 b4 55. Ra6 Rd7+ 56. Ke3 Re7+ 57. Kd4 Rd7+ 58. Ke3 Re7+ 59. Kd4 a3 60. bxa3 Rd7+ 61. Ke3 b3 62. Ra5 1-0

[Event "*** SCC Grand Prix: Titled Tuesday Blitz"]
[Site "Chess.com"]
[Date "2020.06.02"]
[Round "8"]
[White "JuliaEfremova"]
[Black "CarlssonLudvig"]
[Result "1-0"]
[WhiteElo "2263"]
[BlackElo "2481"]
[TimeControl "180+1"]
[EndTime "11:38:03 PDT"]
[Termination "JuliaEfremova won by resignation"]

1. d4 Nf6 2. Bf4 d5 3. e3 c5 4. c3 Nc6 5. Nf3 Qb6 6. Qc2 Bf5 7. Qxf5 Qxb2 8. Be2 e6 9. Qd3 Qxa1 10. Qc2 cxd4 11. O-O Be7 12. exd4 Ne4 13. Bd3 O-O 14. Bxe4 dxe4 15.
Nbd2 Qxf1+ 16. Kxf1 exf3 17. Nxf3 Rac8 18. Qe2 Rfd8 19. g3 a6 20. Kg2 Bf6 21. h4 Ne7 22. Bd2 Nd5 23. Qe1 Rc7 24. Ne5 Bxe5 25. dxe5 b5 26.
h5 Rdc8 27. h6 g6 28. Qe4 Rc4 29. Qf3 Ra4 30. Bg5 Rxa2 31. Qe4 Rxc3 32. Qd4 Rc8 33. Qa7 b4 34. Qb7 Rac2 35. Qxa6 b3 36. Qb7 b2 37. Qb5 Ra8 38. Qb3 Rac8 39. Qb7 Re8 40. Qb3 Rec8 41. Qb7 Kf8 42. Qb3 Ke8 43. Qb5+ R8c6 44. Qb3 Kd7 45. Qb7+ Rc7 46. Qb5+ R2c6 47. Qxb2 Rc8 48. Qa3 R8c7 49. Qf8 Rc5 50. Qd8+ Kc6 51. Qe8+ Kb6 52. Qb8+ Ka5 53.
Bd8 Ka4 54. Bxc7 Rxc7 55. Qa8+ Kb4 56. Qh8 Kc4 57. Qxh7 Kd4 58. Qg7 Rc2 59. h7 Ne3+ 60. Kf3 Nf5 61. Qxf7 Rc3+ 62. Kg2 Rc8 63. Qd7+ Kxe5 64.
Qxc8 Ke4 65. h8=Q Nd6 66. f3+ Kd5 67. Qcc3 e5 1-0

[Event "*** SCC Grand Prix: Titled Tuesday Blitz"]
[Site "Chess.com"]
[Date "2020.06.02"]
[Round "8"]
[White "WPWPWP-2015"]
[Black "LiamPutnam2008"]
[Result "1-0"]
[WhiteElo "2374"]
[BlackElo "2515"]
[TimeControl "180+1"]
[EndTime "11:38:04 PDT"]
[Termination "WPWPWP-2015 won by checkmate"]

1. d4 Nf6 2. c4 e6 3. Nf3 b6 4. Nc3 Bb7 5. g3 Bb4 6. Bg2 O-O 7. O-O d6 8. Bg5 h6 9. Bxf6 Qxf6 10. Rc1 Nd7 11. Qd3 Bxc3 12. Rxc3 Qe7 13. Nd2 Bxg2 14. Kxg2 e5 15. e4 Rae8 16. f4 f5 17. exf5 e4 18. Qe2 Rxf5 19. Re3 Nf6 20. Re1 d5 21. cxd5 Qf7 22. Nxe4 Qxd5 23. Qf3 Nxe4 24. Rxe4 Rxe4 25. Qxe4 Kf7 26. g4 Qxe4+ 27. Rxe4 Ra5 28. a3 Rd5 29. Kf3 a5 30. Ke3 g6 31. Re5 Rd6 32. h4 Rc6 33. Kd2 Rf6 34. Ke3 Rc6 35. Kd3 Rc1 36. h5 gxh5 37.
Rxh5 Kg7 38. Re5 Kf7 39. Rh5 Kg7 40. Rd5 Kf7 41. Ke4 Rc2 42. Kf5 Rxb2 43. Rd7+ Ke8 44. Rxc7 Rb3 45. Ke6 Re3+ 46. Kd6 Rxa3 47. Rb7 Rf3 48. Ke5 Re3+ 49. Kf5 Rd3 50. Ke4 Rb3 51. f5 a4 52. Ra7 b5 53. f6 Rb1 54. d5 Re1+ 55. Kf5 Rf1+ 56. Kg6 Rf4 57. Ra8+ Kd7 58. f7 Ke7 59. Re8+ Kd6 60. Re6+ Kxd5 61. Rf6 Rxg4+ 62.
Kf5 Rg5+ 63. Kf4 Rg1 64. f8=Q a3 65. Qd6+ Kc4 66. Qxa3 Rf1+ 67. Ke5 Re1+ 68. Kd6 Rd1+ 69. Kc6 h5 70. Rf4+ Rd4 71. Qa2+ Kc3 72. Qa1+ Kb3 73. Rxd4 Kc2 74. Qa2+ Kc3 75. Qd2+ Kb3 76. Rb4+ Ka3 77. Qb2# 1-0

[Event "*** SCC Grand Prix: Titled Tuesday Blitz"]
[Site "Chess.com"]
[Date "2020.06.02"]
[Round "8"]
[White "rasmussvane"]
[Black "VladimirBelous"]
[Result "1/2-1/2"]
[WhiteElo "2893"]
[BlackElo "2758"]
[TimeControl "180+1"]
[EndTime "11:38:06 PDT"]
[Termination "Game drawn by repetition"]

1. Nf3 c5 2. c4 g6 3. d4 cxd4 4.
Nxd4 Nc6 5. e4 Nf6 6. Nc3 Nxd4 7. Qxd4 d6 8. Be3 Bg7 9. Qd2 O-O 10. Be2 Be6 11. O-O Ng4 12. Bg5 Rc8 13. Rac1 Ne5 14.
b3 Nc6 15. Rfe1 Qa5 16. Bf1 Rfe8 17. h3 a6 18. Na4 Qxd2 19. Bxd2 Bd4 20. c5 Red8 21. Bf4 dxc5 22. Nxc5 Bxc5 23. Rxc5 Nb4 24. Rxc8 Rxc8 25. Re2 Rd8 26. Bd2 a5 27. Bxb4 axb4 28. Rc2 g5 29. Rc7 Rd2 30. Rxe7 Rxa2 31. Rxb7 Bxb3 32.
Rxb4 Be6 33. Rb5 h6 34. Rb1 Kg7 35. Re1 Kf6 36. e5+ Kg6 37. Bd3+ Bf5 38. Bc4 Rc2 39. Bd5 Rd2 40. Bb3 Rb2 41. Bc4 Rc2 42. Bb5 Rc5 43.
Ba4 Rc4 44. Bb3 Rc3 45. Bd5 Rc5 46. Bf3 Bd3 47. g3 Bf5 48. Kg2 Rc3 49. h4 Bh3+ 50. Kxh3 Rxf3 51. Kg2 Rc3 52. hxg5 hxg5 53. g4 Rc4 54. f3 Rc6 55. Kg3 Re6 56. Re4 Re7 57. Kf2 Re8 58. Ke3 Ra8 59. Rd4 Ra3+ 60. Ke4 Ra1 61.
Rd6+ Kg7 62. Rd3 Ra4+ 63. Kf5 Ra5 64. Re3 f6 65. Ke6 Ra6+ 66. Kf5 Ra5 67. Re4 Kf7 68.
Re3 Rb5 69. Re2 Rc5 70. Re1 Rd5 71. Re4 Rc5 72. Re3 Rb5 73. Re2 Rc5 74. Re1 Ra5 75.
Re3 Rb5 1/2-1/2

[Event "*** SCC Grand Prix: Titled Tuesday Blitz"]
[Site "Chess.com"]
[Date "2020.06.02"]
[Round "8"]
[White "Fandorine"]
[Black "124chess"]
[Result "1/2-1/2"]
[WhiteElo "2895"]
[BlackElo "2751"]
[TimeControl "180+1"]
[EndTime "11:38:10 PDT"]
[Termination "Game drawn by repetition"]

1. e4 d6 2. d4 Nf6 3. Nc3 e5 4.
Nf3 Nbd7 5. Bc4 Be7 6. O-O O-O 7. a4 c6 8. Re1 exd4 9. Nxd4 Ne5 10. Bf1 Re8 11.
h3 Bd7 12. Be3 Rf8 13. f4 Ng6 14. Qf3 Re8 15. Rad1 Bf8 16. Bf2 Qa5 17. Nb3 Qc7 18.
g3 h5 19. Bg2 b6 20. Nd4 a6 21. Nb3 b5 22. axb5 axb5 23. Bd4 b4 24. Bxf6 gxf6 25. Ne2 h4 26. g4 c5 27. e5 dxe5 28. f5 Nf4 29. Nxf4 exf4 30. Nd2 Kg7 31. Qf2 Bc6 32. Bxc6 Qxc6 33. Qxf4 c4 34. Ne4 Bc5+ 35. Kg2 Rad8 36. Rxd8 Rxd8 37. g5 Rg8 38. Kf1 Bd4 39. Qxh4 fxg5 40.
Qxg5+ Kh7 41. Qh4+ Qh6 42. Qxh6+ Kxh6 43. c3 bxc3 44.
bxc3 Be5 45. Nf2 Bxc3 46. Re4 Rc8 47. Ng4+ Kg5 48. Ne3 Bf6 49. Rg4+ Kh5 50. Nxc4 Rc5 51. Ne3 Be5 52. Kg2 Bf6 53. Kf3 Bg5 54. Ng2 Rxf5+ 55.
Kg3 Rf6 56. h4 Bh6 57. Re4 Rg6+ 58. Kh3 f5 59. Re5 Rf6 60. Ne1 Kg6 61. Nf3 Bf4 62. Rd5 Re6 63. Rd4 Be5 64. Rd3 Bf6 65. Rb3 Kf7 66.
Rd3 Kg6 67. Rb3 Kf7 68. Kg3 Kg6 69. Kh3 1/2-1/2

[Event "*** SCC Grand Prix: Titled Tuesday Blitz"]
[Site "Chess.com"]
[Date "2020.06.02"]
[Round "8"]
[White "LiemLe"]
[Black "northridgehawk"]
[Result "1-0"]
[WhiteElo "2884"]
[BlackElo "2316"]
[TimeControl "180+1"]
[EndTime "11:38:10 PDT"]
[Termination "LiemLe won by resignation"]

1. e4 e5 2. Nf3 Nc6 3. Bc4 Nf6 4.
d3 Bc5 5. c3 d6 6. O-O a6 7. a4 Ba7 8. Nbd2 h6 9. Re1 O-O 10.
Nf1 Be6 11. Bxe6 fxe6 12. b4 Ne7 13. Ng3 Ng6 14. d4 exd4 15. cxd4 e5 16. Bb2 exd4 17. Bxd4 Bxd4 18. Nxd4 Qd7 19. Qb3+ Kh7 20. Qc2 Ng4 21. f3 N4e5 22. Rac1 Rf7 23. Ngf5 Nf4 24. Rcd1 g6 25. Ne3 Raf8 26. Nd5 Nxd5 27. exd5 Rf4 28. Re4 Rxe4 29. fxe4 Qg4 30. Qxc7+ Rf7 31. Qc2 Qf4 32. Qe2 Ng4 33.
g3 Qe3+ 34. Qxe3 Nxe3 35. Re1 Nc4 36. Re2 Kg7 37. Ne6+ Kf6 38. Rf2+ Ke7 39. Rxf7+ Kxf7 40. Kf2 Kf6 41. Nf4 g5 42. Nd3 b5 43. a5 Nd2 44. e5+ dxe5 45. Nc5 Ke7 46. Nxa6 Ne4+ 47. Kf3 Nd6 48. Nc5 Nc8 49. Ne4 Kd7 50. Kg4 Ne7 51.
Nc3 Kd6 52. a6 Nc8 53. Kf5 Na7 54. Ke4 h5 55. h3 g4 56. h4 Kc7 57. Kxe5 Kb6 58.
Ke6 Kxa6 59. d6 Kb7 60. d7 Kc7 61. Nd5+ Kd8 62. Nf6 Nc6 63. Kd6 Nb8 64. Nxh5 Nxd7 65. Ng7 Nf6 66. Nf5 Ne4+ 67. Kd5 Nf6+ 68. Ke5 Nh5 69. Ke6 Kc7 70. Kf7 Kc6 71. Kg6 Nf4+ 72. gxf4 Kd5 73. Ng3 Kc4 74. f5 Kxb4 75. f6 Kc5 76. f7 b4 77. f8=Q+ Kc4 78. Qf4+ Kc3 79. Qxg4 b3 80. Ne2+ Kc2 81. Qc4+ Kd2 82. Qxb3 Ke1 83. Nf4 1-0

[Event "*** SCC Grand Prix: Titled Tuesday Blitz"]
[Site "Chess.com"]
[Date "2020.06.02"]
[Round "8"]
[White "arminmusovic"]
[Black "frankshar"]
[Result "1/2-1/2"]
[WhiteElo "2528"]
[BlackElo "2384"]
[TimeControl "180+1"]
[EndTime "11:38:10 PDT"]
[Termination "Game drawn by repetition"]

1. a3 Nf6 2. Nc3 d5 3. d3 c5 4. Bg5 e6 5. e4 d4 6. Nce2 Nc6 7. h3 Be7 8. f4 h6 9. Bxf6 Bxf6 10. Nf3 e5 11. f5 g6 12. fxg6 fxg6 13. g3 Bg5 14.
Nxg5 Qxg5 15. Qd2 Qxd2+ 16. Kxd2 O-O 17. Bg2 Rf2 18. Rhg1 Be6 19. Raf1 Raf8 20. Ke1 Rxf1+ 21. Rxf1 Rxf1+ 22. Bxf1 Kf7 23. Kd2 Ke7 24. Bg2 Bf7 25.
Ng1 Kd6 26. Nf3 Nd8 27. Kc1 g5 28. Nd2 Be6 29. Kd1 b5 30. Ke2 a6 31. Kf3 Ke7 32.
Ke2 Kf6 33. Nf1 Nc6 34. g4 b4 35. Ng3 bxa3 36. bxa3 Na7 37. Nf5 Bxf5 38. exf5 Nb5 39.
Bb7 Nxa3 40. Bxa6 Nxc2 41. Bb7 Nb4 42. Ba8 h5 43. Bb7 hxg4 44. hxg4 Nc2 45. Ba8 Ke7 46. Bb7 Ne3 47. Kf3 Kf6 48. Bc6 c4 49. dxc4 Nxc4 50. Ke4 Ne3 51. Kf3 Nc4 52. Ke4 Nb2 53. Bb5 Nd1 54. Be2 Nc3+ 55. Kd3 Nxe2 56. Kxe2 e4 57. Kf2 Ke5 58. Ke2 d3+ 59. Ke3 Kd5 60. Kd2 Kd4 61. f6 e3+ 62. Ke1 Kc3 63. f7 d2+ 64.
Ke2 Kc2 65. f8=Q d1=Q+ 66. Kxe3 Qd3+ 67. Kf2 Qd4+ 68. Kg3 Qe3+ 69. Kg2 Qe4+ 70. Kg3 Qe5+ 71. Kg2 Kd3 72. Qf5+ Kd4 73. Qf2+ Kd5 74. Qd2+ Ke6 75. Qa2+ Qd5+ 76. Qxd5+ Kxd5 77. Kf3 Kd4 78. Kf2 Ke4 79. Ke2 Kf4 80. Kf2 Ke5 81. Ke3 Kd5 82. Kd3 Ke5 83. Ke3 Kd5 84. Kd3 Ke5 85. Ke3 1/2-1/2

[Event "*** SCC Grand Prix: Titled Tuesday Blitz"]
[Site "Chess.com"]
[Date "2020.06.02"]
[Round "8"]
[White "Larina_Marija"]
[Black "DonPreuss"]
[Result "0-1"]
[WhiteElo "2119"]
[BlackElo "2238"]
[TimeControl "180+1"]
[EndTime "11:38:12 PDT"]
[Termination "DonPreuss won on time"]

1. e4 e5 2. Nf3 d5 3. exd5 e4 4.
Qe2 Nf6 5. d3 Qxd5 6. Nc3 Bb4 7.
Bd2 Bxc3 8. Bxc3 O-O 9. dxe4 Nxe4 10. Rd1 Nxc3 11. Rxd5 Nxe2 12. Bxe2 Be6 13. Rc5 c6 14. a3 Nd7 15. Rc3 Nf6 16. Ng5 Bd5 17. Rg3 Rfe8 18.
Kd2 h6 19. c4 hxg5 20. cxd5 Ne4+ 21. Kd3 Nxg3 22. hxg3 cxd5 23. Rh5 f6 24. Bf3 Rad8 25. Kd4 Re5 26. g4 g6 27. Rh6 Kg7 28. Rh1 Re4+ 29. Bxe4 dxe4+ 30. Kxe4 Rd2 31. f3 Rxb2 32. Rc1 a5 33.
Rc7+ Kh6 34. Kd5 b5 35. Kc5 b4 36. axb4 axb4 37. Kd4 Rxg2 38. Rb7 Rb2 39. Rb6 Kg7 40. Rb7+ Kf8 41. Rb8+ Ke7 42. Rb7+ Kf8 43. Rb8+ Kg7 44. Rb7+ Kh6 45. Rb6 Rd2+ 46. Ke3 Rc2 47. Rxb4 Rc3+ 48. Ke4 f5+ 49. gxf5 gxf5+ 50. Kxf5 Rxf3+ 51. Kg4 Rf6 52. Rb5 Ra6 53. Rf5 Ra4+ 54. Kg3 Kh5 55. Rb5 Ra3+ 56.
Kg2 Kh4 57. Rb2 g4 58. Rf2 Rb3 59. Rd2 Ra3 60. Re2 Kg5 61. Rd2 Ra4 62. Rd3 Kf4 63. Rd2 Re4 64. Rf2+ Kg5 0-1

[Event "*** SCC Grand Prix: Titled Tuesday Blitz"]
[Site "Chess.com"]
[Date "2020.06.02"]
[Round "8"]
[White "Parhamov"]
[Black "Sanan_Sjugirov"]
[Result "1-0"]
[WhiteElo "3088"]
[BlackElo "2904"]
[TimeControl "180+1"]
[EndTime "11:38:17 PDT"]
[Termination "Parhamov won by checkmate"]

1. e4 c5 2. Nf3 d6 3. d4 cxd4 4. Nxd4 Nf6 5. Nc3 g6 6. Be2 Bg7 7. g4 Nc6 8. Nb3 h5 9. g5 Nd7 10. h4 Nb6 11. Be3 Ne5 12. Bd4 O-O 13. a4 Be6 14. f4 Ng4 15. a5 Nd7 16. Bxg7 Kxg7 17.
Nd4 Nc5 18. Qd2 Rc8 19. O-O Bd7 20. f5 e6 21. fxg6 fxg6 22. Rxf8 Qxf8 23. Rf1 Qe7 24. Ndb5 Bxb5 25. Nxb5 Rd8 26. b4 Nd7 27. Qd4+ Nde5 28. Qxa7 Rd7 29. Nd4 Kh7 30. b5 Qe8 31. a6 bxa6 32.
Qxa6 Rf7 33. Bxg4 Nxg4 34. Qxd6 Rxf1+ 35. Kxf1 Qf7+ 36. Ke2 Qf2+ 37. Kd3 Qf1+ 38. Kc3 Qa1+ 39. Kb4 Qb2+ 40. Nb3 Qxc2 41. Qxe6 Ne3 42. Qf7+ Kh8 43. Qf8+ Kh7 44. Qh6+ Kg8 45. Qxg6+ Kh8 46. Qxh5+ Kg8 47. Qg6+ Kh8 48. Qf6+ Kg8 49. Qd4 Qe2 50. Qd8+ Kg7 51.
Qf6+ Kg8 52. Nd4 Qb2+ 53. Kc5 Qc3+ 54. Kd6 Nc4+ 55. Ke6 Qb4 56. Qd8+ Kh7 57. Nf5 Qxb5 58. Qe7+ Kg6 59. Qf7# 1-0